[Event "Late-Titled-Tuesday-Blitz-April-23-2024"]
[Site "Chess.com"]
[Date "2024.04.23"]
[Round "2"]
[White "GMG"]
[Black "ImportedItalianMaple"]
[Result "1-0"]
[WhiteElo "2776"]
[BlackElo "2468"]
[TimeControl "180+1"]
[EndTime "14:19:29 PDT"]
[Termination "GMG won by resignation"]

1. Nf3 g6 2. d4 Bg7 3. e4 d6 4.
Bc4 a6 5. O-O b5 6. Bb3 Bb7 7.
Qe2 c5 8. c3 e6 9. Rd1 Qc7 10.
Bf4 e5 11. Bg3 Ne7 12. a4 c4 13. Bc2 O-O 14. Na3 Bc6 15. axb5 axb5 16. b3 cxb3 17. Bxb3 Qb7 18. dxe5 dxe5 19. Bxe5 Bxe4 20. Bxg7 Bxf3 21. Qxf3 Qxf3 22. gxf3 Kxg7 23. Nxb5 Nbc6 24. Rxa8 Rxa8 25. Nd6 Ne5 26. f4 Ra3 27. fxe5 Rxb3 28. Rd3 f6 29.
e6 f5 30. Ne8+ Kf8 31. Nc7 Kg7 32. Re3 Rb7 33. Ne8+ Kf8 34. Nd6 Rb6 35. Rd3 Kg7 36. Ne8+ Kf8 37. Nc7 Rc6 38. Rd7 Rxc3 39. Kg2 g5 40. Rxe7 Kxe7 41. Nd5+ Kxe6 42. Nxc3 Ke5 43. Kf3 h5 44. Ne2 h4 45. h3 Kd5 46. Nc1 Kd4 47. Nb3+ Kd5 48. Na5 Ke5 49. Nc6+ Kd5 50. Ne7+ Ke6 51.
Nc8 Kd7 52. Nb6+ Kc6 53. Nc4 Kd5 54. Ne3+ Ke5 55. Ke2 Kf4 56. Ng2+ Ke4 57. f3+ Kd4 58. f4 g4 59. Nxh4 gxh3 60. Kf3 h2 61. Kg2 Ke4 62. Ng6 Ke3 63. Kxh2 Kf3 64. Kh3 Ke4 65. Kh4 Kf3 66.
Kg5 Ke4 67. Nh4 1-0

[Event "Late-Titled-Tuesday-Blitz-April-23-2024"]
[Site "Chess.com"]
[Date "2024.04.23"]
[Round "2"]
[White "Binary010"]
[Black "MKlose11"]
[Result "1-0"]
[WhiteElo "2844"]
[BlackElo "2597"]
[TimeControl "180+1"]
[EndTime "14:19:30 PDT"]
[Termination "Binary010 won by resignation"]

1. e4 e6 2. d4 d5 3. Nc3 Bb4 4. exd5 exd5 5. Bd3 Nc6 6. Nf3 Nce7 7. O-O Nf6 8. Bg5 Bxc3 9. bxc3 Ne4 10. Bxe7 Qxe7 11.
c4 O-O 12. cxd5 Nc3 13. Qd2 Nxd5 14. c4 Nf6 15. Rfe1 Qd6 16. h3 b6 17. Nh4 Rd8 18. Rad1 Bd7 19. Nf5 Bxf5 20. Bxf5 Re8 21. Bc2 Rxe1+ 22.
Rxe1 Rd8 23. d5 Re8 24. Rxe8+ Nxe8 25. Ba4 Nf6 26. Bc6 Qe5 27. g3 g6 28. Qd3 Qa1+ 29.
Kg2 Qxa2 30. Qd4 Kg7 31. g4 h6 32. Qe5 Qxc4 33. Qxc7 Qe4+ 34. Kg3 Nxd5 35. Qd6 Qd3+ 36. f3 Nb4 37. Qxb4 Qd1 38. Qc3+ Kg8 39. Kf2 Qh1 40. Bd5 Qh2+ 41. Ke3 Qg1+ 42. Ke2 Qg2+ 43. Kd3 Qf1+ 44. Ke3 Qg1+ 45. Kd3 Qf1+ 46. Kc2 Qe2+ 47. Qd2 Qxd2+ 48.
Kxd2 Kg7 49. f4 Kf6 50. Ke3 Ke7 51. Ke4 f6 52. Kd4 Kd6 53. Bf7 g5 54. fxg5 hxg5 55. Ke4 b5 56. Kf5 Ke7 57. Bd5 a5 58. Bc6 b4 59.
Ba4 Kf7 60. Bb3+ Kg7 61. Ba4 Kf7 62. Bc2 Kg7 63. Ke6 Kh6 64. Kxf6 a4 65. Bxa4 b3 66. Bxb3 Kh7 67. Kxg5 1-0

[Event "Late-Titled-Tuesday-Blitz-April-23-2024"]
[Site "Chess.com"]
[Date "2024.04.23"]
[Round "2"]
[White "kai_nov"]
[Black "only_strong_moves"]
[Result "0-1"]
[WhiteElo "2264"]
[BlackElo "2714"]
[TimeControl "180+1"]
[EndTime "14:19:30 PDT"]
[Termination "only_strong_moves won on time"]

1. d4 d5 2. c4 c5 3. cxd5 Qxd5 4. Nf3 cxd4 5. Nc3 Qd8 6. Qxd4 Qxd4 7. Nxd4 Nf6 8.
Ndb5 Na6 9. Bf4 Bd7 10. e3 g6 11. Be2 Bg7 12. Bf3 Bc6 13. Bxc6+ bxc6 14. Nd4 Rc8 15. Rc1 Nh5 16. Bg3 O-O 17. Nb3 c5 18. Ke2 c4 19.
Nd2 Rfd8 20. Na4 Nb4 21. Nxc4 Nxa2 22. Rc2 Nb4 23. Rcc1 Nd3 24. Rc2 e5 25. Rd1 e4 26.
Rdd2 Rd5 27. b3 Bf8 28. Nc3 Rdd8 29. Nxe4 Nb4 30. Rxd8 Rxd8 31. Rd2 Rc8 32. Ned6 Rc6 33. Ne4 Nxg3+ 34. hxg3 f5 35. Ng5 h6 36. Nf3 Bg7 37. Nfe5 Bxe5 38. Nxe5 Re6 39. Rd8+ Kg7 40. Rd7+ Kf6 41.
Nc4 Ra6 42. Rd6+ Rxd6 43. Nxd6 Ke5 44. Nb5 a6 45. Nc3 Nc6 46. Kd3 Na5 47. b4 Nc6 48. Kc4 g5 49. Kc5 Nb8 50. f4+ gxf4 51. gxf4+ Ke6 52.
e4 fxe4 53. Nxe4 Kf5 54. Nd6+ Kxf4 55. Nf7 h5 56. Nh6 Kg3 57. Nf5+ Kxg2 58. Kb6 Kf3 59. Kb7 Kf4 60. Nh4 Nd7 61. Kxa6 Kg4 62. Ng6 Kg5 63. Ne7 h4 64. Nd5 h3 65. Ne3 h2 0-1

[Event "Late-Titled-Tuesday-Blitz-April-23-2024"]
[Site "Chess.com"]
[Date "2024.04.23"]
[Round "2"]
[White "AungTZ"]
[Black "chessisveryfun1264"]
[Result "1-0"]
[WhiteElo "2046"]
[BlackElo "2686"]
[TimeControl "180+1"]
[EndTime "14:19:31 PDT"]
[Termination "AungTZ won by resignation"]

1. e4 e6 2. d4 d5 3. Nc3 Bb4 4. e5 Ne7 5. Nf3 b6 6. a3 Bxc3+ 7. bxc3 c5 8. a4 Ba6 9. Bd3 Bxd3 10. Qxd3 Nd7 11.
O-O O-O 12. a5 Ng6 13. Re1 bxa5 14. Qb5 cxd4 15. cxd4 Qc7 16. Rxa5 Nb6 17. Ba3 Rfb8 18. Qc5 Qxc5 19. Bxc5 Nc4 20. Ra2 a5 21. g3 a4 22.
Rea1 h6 23. Rxa4 Rxa4 24. Rxa4 Rb2 25. h4 Rxc2 26. h5 Nh8 27. Ra8+ Kh7 28. g4 g6 29. Be7 gxh5 30. gxh5 Nb6 31. Rb8 Nc8 32. Bf6 Ng6 33. hxg6+ Kxg6 34. Kg2 Kf5 35. Kg3 Rc3 36.
Kg2 h5 37. Nh4+ Ke4 38. Rb4 Na7 39. f3+ Ke3 40. Bg5+ Kd3 41. Kg3 Nc6 42. Ng2 Ke2 43. Nf4+ Kd1 44. Rb2 Nxd4 45. Ng2 Rxf3+ 46. Kh2 Rf5 47. Bf4 Nf3+ 48. Kg3 Nxe5 49. Rd2+ Kc1 50. Re2+ Kb1 51. Ne3 Rf6 52. Bxe5 Rg6+ 53. Kf2 Rg5 54.
Ke1 Rxe5 55. Kd2 d4 56. Re1+ Ka2 57. Nc2 Kb3 58. Rxe5 Kc4 59. Re4 e5 60. Rxe5 h4 61. Rh5 h3 62. Rxh3 1-0

[Event "Late-Titled-Tuesday-Blitz-April-23-2024"]
[Site "Chess.com"]
[Date "2024.04.23"]
[Round "2"]
[White "PepeCuenca"]
[Black "yaguigor"]
[Result "1-0"]
[WhiteElo "2819"]
[BlackElo "2573"]
[TimeControl "180+1"]
[EndTime "14:19:33 PDT"]
[Termination "PepeCuenca won on time"]

1. d4 d5 2. Bf4 Nf6 3. e3 c5 4.
dxc5 e6 5. b4 a5 6. c3 Bd7 7.
Nd2 axb4 8. cxb4 b6 9. cxb6 Bxb4 10. Bc7 Qe7 11. Nf3 O-O 12. Be2 Ne4 13. O-O Nc3 14.
Qe1 Nxe2+ 15. Qxe2 Na6 16. b7 Ra7 17. Bb6 Rxb7 18.
Qxa6 Rfb8 19. Ba5 Bb5 20. Bxb4 Qxb4 21. a3 Bxa6 22. axb4 Bxf1 23. Kxf1 Rxb4 24. h4 h6 25.
g3 Rb2 26. h5 f6 27. Kg2 Kf7 28. Ra7+ R8b7 29. Rxb7+ Rxb7 30. Kf1 e5 31. e4 dxe4 32. Nxe4 Rb1+ 33. Kg2 g6 34. hxg6+ Kxg6 35. Nh4+ Kf7 36. g4 Rb4 37. Nf5 Kg6 38. Nh4+ Kf7 39.
f3 Rb8 40. Kg3 Rh8 41. Nd6+ Ke6 42. Ndf5 Kf7 43. Nd6+ Ke6 44. Nhf5 Rd8 45. Ne4 Rh8 46.
Ng7+ Kf7 47. Nh5 Kg6 48. Nhxf6 Ra8 49. Nd7 Ra5 50. Ndf6 Rb5 51. Nh5 Ra5 52. Kh3 Rb5 53. Nhf6 Ra5 54. Nd7 Rd5 55. Ndc5 Rd4 56. Kg3 Rd5 57.
Nb3 Rb5 58. Nbd2 Ra5 59. Nc4 Rb5 60. Ne3 Ra5 61. Nd6 Rc5 62. Nef5 Ra5 63. Kh4 Ra6 64. Nc4 1-0

[Event "Late-Titled-Tuesday-Blitz-April-23-2024"]
[Site "Chess.com"]
[Date "2024.04.23"]
[Round "2"]
[White "kingofthenil"]
[Black "wild3000"]
[Result "1-0"]
[WhiteElo "2788"]
[BlackElo "2432"]
[TimeControl "180+1"]
[EndTime "14:19:33 PDT"]
[Termination "kingofthenil won on time"]

1. d4 d5 2. c4 c6 3. Bf4 Nf6 4. e3 g6 5. Nc3 Bg7 6. Nf3 O-O 7. Be2 dxc4 8. Bxc4 Nbd7 9. h3 b5 10. Bd3 a6 11. a4 Bb7 12. O-O b4 13. Ne4 Nxe4 14. Bxe4 Nf6 15. Bc2 Nd5 16. Be5 f6 17. Bg3 a5 18.
Bb3 Kh8 19. Rc1 Qd7 20. Nd2 e5 21. Ne4 exd4 22. Nc5 Qe7 23. exd4 Bc8 24. Re1 Qa7 25. Qf3 Bf5 26. Ne6 Rfc8 27. Nc5 Re8 28. Kh2 Qf7 29.
Rcd1 h5 30. Kg1 Rxe1+ 31. Rxe1 Re8 32. Rxe8+ Qxe8 33. Bxd5 cxd5 34. Qxd5 Qe1+ 35. Kh2 Qe2 36. b3 Kh7 37. Qb7 Kh6 38. Qf3 Qxf3 39. gxf3 Bf8 40. Nb7 Bc2 41. Nxa5 g5 42. Bc7 h4 43. Bb6 Bd6+ 44.
Kg2 Kg6 45. Bc5 Bc7 46. Nc6 Bxb3 47. a5 Bd5 48. Ne7+ Kf7 49. Nxd5 Bxa5 50. Nxb4 Bc7 51. Nd5 Bd8 52. Ne3 Ke6 53. Kf1 f5 54. Ke2 Ba5 55.
Ng2 Kf6 56. Ba7 Ke6 57. Bb8 Kd5 58. Be5 Bd8 59. Ne3+ Ke6 60. f4 1-0

[Event "Late-Titled-Tuesday-Blitz-April-23-2024"]
[Site "Chess.com"]
[Date "2024.04.23"]
[Round "2"]
[White "Francisco_Ferrari"]
[Black "FuenfgegenWilly"]
[Result "1-0"]
[WhiteElo "2198"]
[BlackElo "2470"]
[TimeControl "180+1"]
[EndTime "14:19:39 PDT"]
[Termination "Francisco_Ferrari won by checkmate"]

1. e4 c6 2. d4 g6 3. h4 h5 4.
Nf3 d5 5. e5 Bg4 6. Be2 Nh6 7.
Ng5 Bxe2 8. Qxe2 Nf5 9. e6 fxe6 10. Qxe6 Qd7 11. Qxg6+ Kd8 12. Nf7+ Kc8 13. Nxh8 Nxd4 14.
O-O Na6 15. Rd1 Nf5 16. Nf7 Bg7 17. Nc3 e5 18. Qxf5 Qxf5 19. Nd6+ Kc7 20. Nxf5 Bf6 21. g3 Nb4 22. Bg5 Bh8 23. a3 Nxc2 24. Rac1 Nd4 25. Nxd4 exd4 26. Nb5+ Kb6 27. Nxd4 Re8 28. Be3 Ka6 29.
b4 Re4 30. Kg2 Bg7 31. Kf3 Bf8 32. Nb3 Kb5 33. Bc5 Bg7 34. Nd4+ Ka6 35. Nf5 Bb2 36. Rc2 Bf6 37. Bd4 Bd8 38. Re2 Rg4 39. Re8 Bc7 40.
Ne3 Rg6 41. Be5 Bb6 42. Bd4 Bc7 43. Nf5 Kb5 44. Re7 Bd8 45. Rxb7+ Kc4 46. Rc1+ Kb3 47. b5 c5 48. Bxc5 Rf6 49. Kf4 Ba5 50. Bd4 Bd2+ 51. Ke5 Rf8 52. Rd1 Re8+ 53. Kxd5 Kc2 54. Rxd2+ Kxd2 55. Be3+ Ke2 56. Rxa7 Kf3 57. Re7 Rd8+ 58.
Ke5 Rb8 59. Rf7 Rxb5+ 60. Kd4 Ra5 61. Nd6+ Kg4 62. Nc4 Ra4 63. Rg7+ Kf3 64. Rg5 Ra8 65. Ra5 Rd8+ 66. Rd5 Ra8 67. Ne5+ Kg2 68. Nd3 Rxa3 69.
Rxh5 Kh3 70. Nf4+ Kg4 71. Rg5+ Kf3 72. h5 Ra4+ 73. Ke5 Ra5+ 74. Kf6 Ra6+ 75. Kf5 Ra5+ 76. Kg6 Ra6+ 77. Kg7 Rc6 78. Rg6 Rc7+ 79. Kf6 Rc8 80.
Kg5 Rf8 81. h6 Re8 82. h7 Re7 83. h8=Q Re5+ 84. Kh4 Re4 85. Qh5# 1-0

[Event "Late-Titled-Tuesday-Blitz-April-23-2024"]
[Site "Chess.com"]
[Date "2024.04.23"]
[Round "2"]
[White "Hrant_ChessMood"]
[Black "Nf3c5"]
[Result "1-0"]
[WhiteElo "2959"]
[BlackElo "2630"]
[TimeControl "180+1"]
[EndTime "14:19:40 PDT"]
[Termination "Hrant_ChessMood won on time"]

1. d4 Nf6 2. c4 g6 3. Nc3 Bg7 4.
e4 d6 5. Be2 Na6 6. h4 h6 7.
Be3 c6 8. Qd2 Nc7 9. f3 Rb8 10. a4 a5 11. Nh3 Na6 12. Nf2 Nb4 13. Rd1 Nd7 14. Ng4 h5 15. Nf2 Qc7 16. O-O e5 17. d5 Nc5 18. dxc6 bxc6 19. Qxd6 Qxd6 20. Rxd6 Ne6 21. Rfd1 Bf6 22. g3 Nc2 23. Ba7 Ra8 24.
Bb6 Rb8 25. Bxa5 Be7 26. Rxc6 Ncd4 27. Rb6 Nxe2+ 28. Nxe2 Ra8 29. b4 Bd7 30. Nc3 Nd4 31. Nd5 Bd8 32. Nf6+ Ke7 33. Nxd7 Kxd7 34. Rb7+ Kc6 35.
Rxf7 Bxa5 36. bxa5 Rxa5 37. Nd3 Re8 38. Nxe5+ Rexe5 39. Rxd4 Rxa4 40. Kg2 Kc5 41. Rd5+ Rxd5 42. cxd5 Kd6 43.
Kh3 Ke5 44. g4 hxg4+ 45. Kxg4 Ra1 46. Kg5 Rg1+ 47. Kh6 Rg3 48. Kg7 Rh3 49. Re7+ Kd6 50. Re6+ Kd7 51. Kxg6 Rxh4 52. Kg5 Rh3 53. f4 Rh1 54. f5 Rg1+ 55. Kf6 Rh1 56. Ke5 Rh8 57. Rd6+ Ke7 58. Ra6 Rh1 59. Ra7+ Kd8 60. Ke6 Rh6+ 61.
f6 Kc8 62. d6 Kb8 63. Rg7 Rh8 64. e5 Re8+ 65. Re7 Rh8 66. f7 Rh6+ 67. Kd5 1-0

[Event "Late-Titled-Tuesday-Blitz-April-23-2024"]
[Site "Chess.com"]
[Date "2024.04.23"]
[Round "2"]
[White "DanielNaroditsky"]
[Black "GlavkonVVS"]
[Result "1-0"]
[WhiteElo "2963"]
[BlackElo "2632"]
[TimeControl "180+1"]
[EndTime "14:19:42 PDT"]
[Termination "DanielNaroditsky won by resignation"]

1. e4 Nf6 2. e5 Nd5 3. d4 d6 4.
Nf3 Bg4 5. Be2 e6 6. Ng5 Bxe2 7. Qxe2 Nc6 8. c3 dxe5 9. dxe5 Qd7 10. O-O h6 11. Nf3 O-O-O 12. b4 g5 13. b5 Nce7 14.
Qe4 Qxb5 15. c4 Qa4 16. Re1 Nb4 17. Bd2 Nec6 18. a3 Nd3 19. Nc3 Qa6 20. Reb1 Bc5 21. Be3 Bxe3 22. Qxe3 Qxc4 23. Nb5 Qc5 24. Nd6+ cxd6 25.
Qxd3 dxe5 26. Qb3 Rd7 27. Rc1 Qb6 28. Qa4 Rhd8 29. Rab1 Qc7 30. h3 Rd5 31. Ne1 f5 32. Nc2 Ra5 33. Qc4 Rad5 34. Nb4 R5d6 35. Na6 Qe7 36.
Nc5 b6 37. Qa6+ Kb8 38. Na4 Nd4 39. Nxb6 Rxb6 40. Rxb6+ axb6 41. Qxb6+ Ka8 42. Rc7 Qxc7 43. Qxc7 Rd5 44. Qc8+ Ka7 45. Qc7+ Ka6 46. a4 e4 47. Kh2 f4 48. Qc3 Kb7 49. Qb2+ Kc6 50. Qc3+ Kd6 51. a5 e3 52. fxe3 fxe3 53. Qxe3 Nc6 54. a6 Ra5 55. Qd2+ Kc7 56. Qe2 e5 57. Qc4 Kb6 58. Qe6 Rxa6 59. Qxh6 Kc5 60. Qxg5 Ra2 61. Qe3+ Kd6 62. Qh6+ Kc5 63. Qe3+ Kd6 64. h4 Ra4 65.
Qg5 Rf4 66. h5 Nd4 67. h6 Ne6 68. Qh5 Rf8 69. h7 Rh8 70. Qg6 Ke7 71. Qg8 Rxh7+ 72. Qxh7+ Kd6 73. Qf5 1-0

[Event "Late-Titled-Tuesday-Blitz-April-23-2024"]
[Site "Chess.com"]
[Date "2024.04.23"]
[Round "2"]
[White "Thjop"]
[Black "DuleMudule"]
[Result "0-1"]
[WhiteElo "2574"]
[BlackElo "2822"]
[TimeControl "180+1"]
[EndTime "14:19:46 PDT"]
[Termination "DuleMudule won by resignation"]

1. e4 c5 2. Nf3 Nc6 3. g3 g6 4. Bg2 Bg7 5. O-O d6 6. h3 b6 7.
c3 Nf6 8. Re1 Bb7 9. d4 cxd4 10.
cxd4 O-O 11. Nc3 Rc8 12. Bf4 Na5 13. Rc1 Nh5 14. Bg5 h6 15. Bd2 Nc4 16. b3 Nxd2 17.
Qxd2 Qd7 18. Kh2 Nf6 19. Ng1 Rc7 20. Nge2 Rfc8 21. Kg1 b5 22. Qd3 b4 23. Nb1 d5 24.
e5 Ne4 25. Rxc7 Rxc7 26. f3 Ng5 27. h4 Ne6 28. f4 Qc8 29. Rd1 Nd8 30. Qe3 h5 31.
Rc1 e6 32. Rxc7 Qxc7 33. Qd2 a5 34. Kf2 Nc6 35. Ng1 Ne7 36. Nf3 Nf5 37. Bh3 Nh6 38. Qb2 Bf8 39. Nbd2 Qc3 40. Qb1 Ng4+ 41. Kg2 Ne3+ 42.
Kf2 Nc2 43. Bf1 Nxd4 44. Qd3 Bc5 45. Nxd4 Bxd4+ 46. Ke2 Qc5 47. Kd1 Bc3 48. Nf3 d4 49. Be2 Bd5 50. Nd2 a4 51. Bf3 axb3 52. axb3 Bxd2 53. Bxd5 Qxd5 54. Kxd2 Qg2+ 55. Kd1 Qg1+ 56. Kd2 Qf2+ 57. Kd1 Kg7 58. Kc1 Qa2 59. Kd1 Qb2 60.
Ke1 Qc3+ 61. Ke2 Kf8 62. Qd2 Ke7 63. Qd1 Qe3+ 64. Kf1 d3 65. Kg2 Qe4+ 66. Qf3 Qd4 67. Qb7+ Kf8 68. Qc8+ Kg7 69. Qc1 d2 70. Qd1 Qe3 71.
Kh3 Qe1 0-1

[Event "Late-Titled-Tuesday-Blitz-April-23-2024"]
[Site "Chess.com"]
[Date "2024.04.23"]
[Round "2"]
[White "attack2mateU"]
[Black "Jooonaaas1996"]
[Result "1/2-1/2"]
[WhiteElo "2712"]
[BlackElo "2431"]
[TimeControl "180+1"]
[EndTime "14:19:48 PDT"]
[Termination "Game drawn - insufficient material"]

1. e4 e5 2. Nf3 Nc6 3. Bc4 Bc5 4. c3 Nf6 5. d3 O-O 6. O-O d5 7. exd5 Nxd5 8. Re1 Nb6 9. Bb3 Bg4 10. h3 Bh5 11. Nbd2 Bg6 12. Nxe5 Nxe5 13. Rxe5 Nd7 14. Re1 Bxd3 15. Ne4 Bxe4 16. Rxe4 Nf6 17. Qxd8 Raxd8 18. Re1 Rfe8 19. Bf4 Ne4 20. Be3 Bxe3 21. Rxe3 Nd6 22.
Ree1 Rxe1+ 23. Rxe1 Re8 24. Kf1 Rxe1+ 25. Kxe1 Kf8 26.
Ke2 Ke7 27. Ke3 b6 28. Kd4 f6 29. Kd5 Kd7 30. Ba4+ b5 31. Bc2 h6 32. Kc5 c6 33.
b4 Nb7+ 34. Kd4 Kd6 35. c4 bxc4 36. Kxc4 Kc7 37. f4 Nd6+ 38. Kc5 Nb7+ 39. Kd4 Kd6 40. Ke4 Ke6 41. Bb3+ Ke7 42. a4 c5 43. b5 Kd6 44.
Kf5 Na5 45. Bc2 c4 46. Kg6 c3 47. Kxg7 Nc4 48. g4 Ne3 49. Bb1 Ke7 50. Kxh6 c2 51.
Bxc2 Nxc2 52. h4 Nd4 53. Kg7 Ne6+ 54. Kg8 Nxf4 55. h5 f5 56. gxf5 Nxh5 57. a5 Nf6+ 58. Kg7 Ne8+ 59. Kg6 Nc7 60. f6+ Kf8 61. b6 axb6 62.
axb6 Na6 63. b7 Nb8 64. Kf5 Kf7 65. Ke5 Nd7+ 66. Kd6 Nb8 67. Kc7 Na6+ 68. Kb6 Nb8 69. Kc7 Na6+ 70. Kb6 Nb8 71. Ka7 Nd7 72. Ka6 Kxf6 73.
Kb5 Ke7 74. Kc6 Kd8 75. Kd6 Nb8 76. Kd5 Kc7 77. Ke5 Kxb7 1/2-1/2

[Event "Late-Titled-Tuesday-Blitz-April-23-2024"]
[Site "Chess.com"]
[Date "2024.04.23"]
[Round "2"]
[White "quvnoq_muxlis"]
[Black "Oleksandr_Bortnyk"]
[Result "0-1"]
[WhiteElo "2678"]
[BlackElo "3119"]
[TimeControl "180+1"]
[EndTime "14:19:51 PDT"]
[Termination "Oleksandr_Bortnyk won by resignation"]

1. e4 Nf6 2. e5 Nd5 3. d4 d6 4. Nf3 dxe5 5. Nxe5 c6 6. Be2 Bf5 7. c3 Nd7 8. Nf3 e6 9. O-O Bd6 10. Re1 O-O 11. Nbd2 c5 12. Nc4 Be7 13. Ne3 Be4 14. Nxd5 exd5 15. Be3 Rc8 16. dxc5 Bxc5 17. Bxc5 Nxc5 18.
Nd4 Qg5 19. f3 Bg6 20. Qc1 Qf6 21. Qd2 a6 22. Bf1 h6 23. Rad1 b5 24. Qe3 Rfd8 25.
Rd2 Na4 26. a3 Nb6 27. Qf2 Nc4 28. Bxc4 bxc4 29. Rde2 Rb8 30. Rd2 Bd3 31. b4 a5 32.
Rdd1 axb4 33. axb4 Ra8 34. Ra1 Re8 35. Rxe8+ Rxe8 36. h3 Qg5 37. Re1 Ra8 38. Qe3 Qxe3+ 39. Rxe3 Ra1+ 40. Kh2 Rc1 41. Nb5 Rc2 42. Kg1 g5 43. Re8+ Kg7 44. Rd8 Rc1+ 45. Kh2 Bf1 46. Kg1 f5 47. Rxd5 f4 48. Rd2 Bd3+ 49. Kh2 h5 50. Rb2 Kf6 51. Nd4 Rxc3 52. b5 Ra3 53. b6 c3 54. Rb4 Ra8 55. b7 Rb8 56. Nc6 Rxb7 57. Rxb7 c2 58. Rd7 c1=Q 59. Rxd3 Qxc6 60. Rd1 g4 61. hxg4 hxg4 62. fxg4 Kg5 63. Ra1 Kxg4 64. Ra3 Qd6 65. Rf3 Qe5 66. Kg1 Qe1+ 67. Kh2 Kf5 68.
Rh3 Ke4 69. Rf3 Qc1 70. Rf2 Qe3 71. Rf1 Kd3 72. Rf3 Qxf3 73. gxf3 Ke2 74. Kg2 Ke3 75. Kg1 Kxf3 76. Kf1 Ke3 77. Ke1 f3 78. Kf1 f2 0-1

[Event "Late-Titled-Tuesday-Blitz-April-23-2024"]
[Site "Chess.com"]
[Date "2024.04.23"]
[Round "2"]
[White "JSPrepz"]
[Black "malakismayil"]
[Result "0-1"]
[WhiteElo "2803"]
[BlackElo "2589"]
[TimeControl "180+1"]
[EndTime "14:19:51 PDT"]
[Termination "malakismayil won by checkmate"]

1. e4 e5 2. Nf3 Nc6 3. Nc3 Nf6 4. a3 Be7 5. d4 d6 6. d5 Nb8 7. h3 c6 8. dxc6 Nxc6 9. Be3 Be6 10. Ng5 Bd7 11.
Bc4 O-O 12. O-O Rc8 13. Ba2 a6 14. Na4 h6 15. Nf3 Nxe4 16. Nb6 Rb8 17. Qd3 Nf6 18.
Nd2 Be6 19. Bxe6 fxe6 20. f4 exf4 21. Rxf4 e5 22. Rff1 d5 23. Qb3 Kh8 24. Nf3 d4 25. Bf2 Ne4 26. Rae1 Nxf2 27. Rxf2 d3 28. Kh1 Bc5 29.
Rd2 Qxb6 30. Qe6 Rbe8 31. Qg4 e4 32. Nh4 Ne5 33. Qxe4 Rf6 34. cxd3 Bd4 35. Nf5 Rxf5 36. Qxf5 Qd6 37. Rde2 Rf8 38. Qe4 Nc6 39. Qg4 Qf6 40. Re8 Qf7 41. R8e4 Bf6 42. b4 Ne7 43. Qd7 Nd5 44. Qg4 Nc7 45. Qf5 Nd5 46. Qf3 Ne7 47. Rc4 Ng6 48. d4 Qxc4 49. Qe4 Qf7 50. Rf1 Ne7 51.
Qf3 Qd5 52. Qe3 Nc6 53. Qf3 Qxf3 54. Rxf3 Nxd4 55. Rd3 Re8 56. Kh2 Re1 57. Kg3 Be5+ 58. Kg4 Re2 59. g3 Kh7 60. h4 g6 61. h5 gxh5+ 62.
Kxh5 Rh2+ 63. Kg4 Rg2 64. Re3 Rxg3+ 65. Rxg3 Bxg3 66. Kxg3 Nc2 67. a4 Nxb4 68. Kf4 b5 69. Ke5 bxa4 70. Kd4 a3 71. Kc3 a2 72. Kb2 h5 73. Ka1 h4 74. Kb2 h3 75. Ka1 h2 76.
Kb2 h1=Q 77. Kb3 a1=Q 78. Kxb4 Qe4+ 79. Kc5 Qc3+ 80. Kb6 Qeb4+ 81. Ka7 Qc7+ 82. Ka8 Qbb8# 0-1

[Event "Late-Titled-Tuesday-Blitz-April-23-2024"]
[Site "Chess.com"]
[Date "2024.04.23"]
[Round "2"]
[White "TheoSlade"]
[Black "Smoking_Crow"]
[Result "1/2-1/2"]
[WhiteElo "2396"]
[BlackElo "2606"]
[TimeControl "180+1"]
[EndTime "14:20:00 PDT"]
[Termination "Game drawn by stalemate"]

1. d4 d5 2. c4 c6 3. cxd5 cxd5 4. Bf4 Nc6 5. e3 a6 6. Nc3 Nf6 7. Be2 Bf5 8. Nf3 e6 9. Qb3 Qc8 10. O-O Be7 11. Na4 Bd8 12. Bd6 Ne4 13. Ba3 b5 14. Nc5 Nxc5 15. Bxc5 Be7 16. Rfc1 Qb7 17. Bxe7 Nxe7 18. Rc5 O-O 19. Rac1 Rac8 20. Ne5 f6 21.
Nd3 Bxd3 22. Bxd3 Rxc5 23. Rxc5 Rc8 24. Qc2 Rxc5 25. Qxc5 Kf7 26. h3 f5 27. a3 Qc6 28.
Qxc6 Nxc6 29. Kf1 Ke7 30. a4 Na7 31. Ke2 Kd6 32. Kd2 Kc6 33. Kc3 Kb6 34. axb5 axb5 35. g4 g6 36. gxf5 gxf5 37. Be2 Nc6 38. Bh5 b4+ 39.
Kb3 e5 40. dxe5 Kc5 41. f4 d4 42. exd4+ Nxd4+ 43. Ka4 Ne6 44. Bd1 Nxf4 45. Bc2 h6 46. Bxf5 Nd5 47. e6 Ne7 48. Bg4 Nd5 49. b3 Ne7 50.
Ka5 Nd5 51. Bf3 Ne7 52. Be4 Kd4 53. Bg2 Kc3 54. Ka4 Nf5 55. Be4 Ne7 56. h4 Nc8 57. h5 Ne7 58. Bf3 Nc8 59. Bd1 Kd2 60.
Bf3 Kc3 61. Bg4 Ne7 62. Bf3 Nf5 63. Bd5 Kd4 64. Bc4 Kc5 65. Ka5 Ne7 66. Ka6 Nc6 67.
Kb7 Kd6 68. Kb6 Ne5 69. Kb5 Ng4 70. Kxb4 Nf6 71. Be2 Kxe6 72. Kc5 Ne4+ 73. Kc6 Nc3 74. Bg4+ Ke5 75. b4 Kf4 76. Bd7 Kg5 77. Be8 Kf6 78. b5 Ke7 79. Bg6 Nxb5 80. Kxb5 Kf6 81. Kc6 Kg7 82. Kd7 Kh8 83. Ke6 Kg8 84. Kf6 Kh8 85.
Bf5 Kg8 86. Kg6 Kh8 87. Kxh6 Kg8 88. Kg6 Kh8 89. h6 Kg8 90. Bg4 Kh8 91. Bh5 Kg8 92.
Bf3 Kh8 93. Be2 Kg8 94. Bd1 Kh8 95. Bc2 Kg8 96. Bb3+ Kh8 97. Ba4 Kg8 98. Bb5 Kh8 99. Bc4 1/2-1/2

[Event "Late-Titled-Tuesday-Blitz-April-23-2024"]
[Site "Chess.com"]
[Date "2024.04.23"]
[Round "2"]
[White "ahkashefi2800"]
[Black "MyDream003"]
[Result "0-1"]
[WhiteElo "2597"]
[BlackElo "2843"]
[TimeControl "180+1"]
[EndTime "14:20:02 PDT"]
[Termination "MyDream003 won on time"]

1. g3 g6 2. Bg2 Bg7 3. c4 c6 4. d3 Nf6 5. e4 d6 6. Ne2 h5 7. Nbc3 h4 8. h3 hxg3 9. fxg3 Na6 10.
Be3 Qa5 11. Qd2 Nc5 12. O-O-O Be6 13. d4 Na4 14. d5 Bd7 15. Kb1 Nxc3+ 16. Nxc3 c5 17. g4 Nh7 18. Rhf1 g5 19. Qf2 Rf8 20. Qc2 Be5 21. Bd2 Qa6 22. Ne2 O-O-O 23. Rf3 Ba4 24. b3 Bd7 25. Nc1 Kb8 26. Bc3 f6 27. Rdf1 Rh8 28. Nd3 Bxc3 29. Qxc3 Ka8 30. R1f2 Qb6 31. Kb2 Qc7 32. Qc2 Nf8 33. Qd2 Ng6 34.
Qc3 a6 35. Re3 Rh7 36. Ka1 Rdh8 37. Rb2 Rc8 38. b4 cxb4 39. Rxb4 b6 40. Re1 Ka7 41.
Reb1 Rb8 42. Qd4 Rhh8 43. Bf1 Rhc8 44. Qb2 a5 45. Rb3 Nf8 46. Qd4 Be8 47. Ra3 Ka8 48.
Rab3 Nd7 49. R3b2 Bg6 50. Rb3 Ka7 51. Ra3 Ka8 52. Rb5 Rb7 53. Be2 Rcb8 54. Kb2 Nc5 55. Nb4 Be8 56. Na6 Nxa6 57. Raxa5 bxa5 58. a4 Nc5 59.
Ka3 Bxb5 60. cxb5 Qb6 61. Qd2 Rc7 62. e5 Rbc8 63. exf6 exf6 0-1

[Event "Late-Titled-Tuesday-Blitz-April-23-2024"]
[Site "Chess.com"]
[Date "2024.04.23"]
[Round "2"]
[White "Godzillator"]
[Black "js20000"]
[Result "0-1"]
[WhiteElo "2360"]
[BlackElo "2731"]
[TimeControl "180+1"]
[EndTime "14:20:03 PDT"]
[Termination "js20000 won on time"]

1. c4 g6 2. d4 Bg7 3. e4 d6 4. Nc3 e5 5. dxe5 dxe5 6. Qxd8+ Kxd8 7. Bg5+ f6 8. Bh4 c6 9. O-O-O+ Kc7 10. f4 exf4 11.
Bf2 Nd7 12. Nge2 g5 13. g3 f3 14. Nd4 Ne5 15. h4 g4 16. h5 Bh6+ 17. Kb1 Ne7 18.
c5 Bd7 19. Bd3 Rad8 20. Bc2 Bc8 21. b3 Kb8 22. a4 Rhf8 23. a5 f5 24. a6 f4 25.
axb7 Kxb7 26. b4 fxg3 27. Bxg3 Bf4 28. Bxf4 Rxf4 29. b5 Rxd4 30. Rxd4 f2 31. Rdd1 g3 32. Ne2 Rf3 33. Nxg3 Rxg3 34. Rhf1 Rf3 35. Rd2 cxb5 36. Rdxf2 Rxf2 37. Rxf2 Kc6 38. Rf8 Kxc5 39. Rh8 Bg4 40. Rxh7 N7c6 41. h6 Bh5 42. Rg7 Bg6 43. h7 Bxh7 44.
Rxh7 a5 45. Bb3 Nd4 46. Bd5 a4 47. Rc7+ Kb4 48. Re7 Nd3 49. e5 Nf5 50. Rb7 Nxe5 51. Be6 Nd4 52. Bd7 Nc4 53. Ka2 Na5 54. Rb8 Kc5 55.
Ra8 Nac6 56. Rc8 Kd6 57. Bxc6 Nxc6 58. Ka3 Kc5 59. Rc7 Kb6 60. Rc8 Ne7 61. Rb8+ Ka6 62. Ra8+ Kb7 63. Re8 Nc6 64. Rh8 Kb6 65. Rh6 Kc5 66.
Rh5+ Kc4 67. Rh4+ Nd4 68. Rg4 Kc5 69. Rg5+ Kb6 70. Rg6+ Ka5 71. Rg5 Nc2+ 72. Kb2 Ne3 73. Ka3 Nc4+ 74. Ka2 Kb4 75. Rg4 a3 76. Rg3 Ka4 77. Rb3 b4 78. Rh3 Nb6 79. Rh4 Nd5 0-1

[Event "Late-Titled-Tuesday-Blitz-April-23-2024"]
[Site "Chess.com"]
[Date "2024.04.23"]
[Round "2"]
[White "enriquebutti"]
[Black "zverr1"]
[Result "1/2-1/2"]
[WhiteElo "2172"]
[BlackElo "2457"]
[TimeControl "180+1"]
[EndTime "14:20:11 PDT"]
[Termination "Game drawn by agreement"]

1. d4 Nf6 2. Nf3 d5 3. c4 e6 4. Nc3 Nbd7 5. e3 Be7 6. b3 O-O 7. Bb2 b6 8. Bd3 Bb7 9. O-O a6 10. Qe2 Ne4 11. Rfd1 f5 12. Rac1 Bd6 13. Na4 Qe7 14. Ne5 Bxe5 15. dxe5 Ndc5 16. Ba3 Bc6 17. Nxc5 Nxc5 18. cxd5 exd5 19. f4 g5 20. Bxc5 bxc5 21. Qc2 gxf4 22. exf4 c4 23. bxc4 d4 24. Bxf5 Kh8 25.
g3 Qc5 26. Bd3 Rae8 27. Qe2 Bb7 28. Re1 Re7 29. Qf2 Rg7 30. Be4 Bc8 31. Red1 Be6 32. Rxd4 Rxf4 33. Rd8+ Bg8 34. Qxc5 Rxe4 35. Qf8 Rxe5 36.
Rcd1 Reg5 37. R1d7 R7g6 38. Rxc7 h5 39. Rcc8 h4 40.
Kf2 hxg3+ 41. hxg3 Rxg3 42. Qd6 Rxd6 43. Rxd6 Rg7 44. Rxa6 Kh7 45. Raa8 Be6 46. Rc6 Bf5 47. c5 Be4 48. Rcc8 Rg2+ 49. Ke3 Bxa8 50. Rxa8 Rc2 51.
Kd4 Kg6 52. Kd5 Kf6 53. Kc6 Ke6 54. Re8+ Kf7 55. Re5 Rxa2 56. Kd6 Rd2+ 57. Kc7 Rc2 58. c6 Kf6 59. Rd5 Ke6 60. Rd4 Ke5 61. Rd7 Ke6 62. Kb7 Rb2+ 63. Kc8 Rc2 64. c7 Rh2 65. Rd4 Rb2 66. Kd8 Ke5 67. c8=Q Kxd4 68. Qc7 Rb4 69. Qd6+ Kc4 70. Qc6+ Kb3 71. Qb6 1/2-1/2